 Dungeon Crawl Stone Soup version 0.25-a0-435-g4b9beb1 (webtiles) character file.

Game seed: 10942557596838989630, levelgen mode: deterministic

70788 DrEnzyme the Thaumaturge (level 15, 0/80 HPs)
             Began as a Tengu Wanderer on Jan 27, 2020.
             Was a High Priest of Wu Jian.
             Slain by an alligator (6 damage)
             ... on level 2 of the Swamp on Jan 29, 2020.
             The game lasted 02:32:37 (43799 turns).

DrEnzyme the Thaumaturge (Tengu Wanderer)          Turns: 43799, Time: 02:32:37

Health: 0/80       AC: 14    Str: 13    XL:     15   Next: 34%
Magic:  2/34       EV: 20    Int: 18    God:    Wu Jian [*****.]
Gold:   1771       SH:  6    Dex: 14    Spells: 22/43 levels left

rFire    + . .     SeeInvis .   a - +8 autumn katana {vorpal, Clar}
rCold    . . .     Gourm    .   b - +1 buckler {reflect}
rNeg     . . .     Faith    .   s - +3 ring mail {rPois}
rPois    +         Spirit   .   (helmet restricted)
rElec    .         Reflect  +   v - +2 cloak
rCorr    .         Harm     .   S - +2 pair of gloves {archery}
MR       ++...     Clarity  +   (boots unavailable)
Stlth    ++++......             T - amulet "Huehuvof" {+Rage rF+ Slay+2}
HPRegen  0.23/turn              q - ring of wizardry
MPRegen  0.24/turn              w - ring of protection from magic

@: exhausted, flying quickly and evasively, quick
A: beak, talons 3, able to fly
a: Stop Flying, Wall Jump, Serpent's Lash, Heavenly Storm, Renounce Religion,
Evoke Berserk Rage


You were on level 2 of the Swamp.
You worshipped Wu Jian.
Wu Jian was extremely pleased with you.
You were very hungry.

You visited 5 branches of the dungeon, and saw 25 of its levels.
You also visited: Gauntlet.

You collected 1887 gold pieces.
You spent 116 gold pieces at shops.

Inventory:

Hand Weapons
 a - the +8 autumn katana (weapon) {vorpal, Clar}
   (You found it on level 4 of the Dungeon)

   It inflicts extra damage upon your enemies.
   It protects you against confusion.
 y - the +7 morningstar of Osseahe {pain, rElec MR+ Str+3 Int+4, unknown}
   (You found it on level 6 of the Dungeon)

   In the hands of one skilled in necromantic magic, it inflicts extra damage on
   living creatures.
   It affects your strength (+3).
   It affects your intelligence (+4).
   It insulates you from electricity.
   It affects your resistance to hostile enchantments.
Missiles
 K - a curare-tipped dart (quivered)
Armour
 b - a +1 buckler of reflection (worn)
 m - a +2 large shield
 s - a +3 ring mail of poison resistance (worn)
 v - a +2 cloak (worn)
 z - a +2 leather armour of cold resistance
 N - the +2 chain mail of Uskayaw's Castigation {-Tele rN++ Int+2}
   (You found it on level 3 of the Lair of Beasts)

   It affects your intelligence (+2).
   It greatly protects you from negative energy.
   It prevents most forms of teleportation.
   If you switch to wearing this armour, your AC will rise 3 points (14 -> 17)
 S - a +2 pair of gloves of archery (worn)
Magical Staves
 Q - an uncursed staff of poison
Jewellery
 q - a ring of wizardry (left hand)
 w - a ring of protection from magic (right hand)
 E - an uncursed ring of protection from fire
 T - the amulet "Huehuvof" (around neck) {+Rage rF+ Slay+2}
   (You found it on level 10 of the Dungeon)

   [amulet of rage]

   It affects your accuracy and damage with ranged weapons and melee attacks
   (+2).
   It protects you from fire.
   It lets you go berserk.
Wands
 c - a wand of acid (11)
 A - a wand of iceblast (13)
 D - a wand of paralysis (7)
 F - a wand of flame (7)
 H - a wand of polymorph (7)
 J - a wand of disintegration (9)
 O - a wand of enslavement (9)
Scrolls
 h - 8 scrolls of fog
 i - a scroll of identify
 l - 3 scrolls of amnesia
 o - 11 scrolls of teleportation
 p - 2 scrolls of fear
 r - 6 scrolls of enchant weapon
 u - a scroll of summoning {unknown}
 x - a scroll of vulnerability
 C - 8 scrolls of remove curse
 M - a scroll of immolation
Potions
 d - 3 potions of magic
 e - a potion of agility
 g - 2 potions of mutation
 k - 6 potions of brilliance
 n - 3 potions of haste
 t - 4 potions of curing
 B - a potion of degeneration
 G - 2 potions of resistance
 I - a potion of might
 L - a potion of ambrosia
 P - a potion of berserk rage {unknown}
Comestibles
 f - 14 rations


   Skills:
 + Level 3.9 Fighting
 + Level 10.5 Long Blades
 + Level 2.8 Armour
 * Level 11.6 Dodging
 - Level 10.0 Stealth
 - Level 4.0 Shields
 + Level 14.5 Spellcasting
 + Level 9.8 Conjurations
 - Level 1.5 Charms
 * Level 4.1 Summonings
 - Level 11.2 Air Magic


You had 22 spell levels left.
You knew the following spells:

 Your Spells              Type           Power        Failure   Level  Hunger
a - Airstrike             Air            ######....   1%          4    None
b - Lightning Bolt        Conj/Air       ######....   1%          5    ####...
c - Summon Lightning Spi  Summ/Air       #####...     1%          4    None
d - Apportation           Tloc           ##....       4%          1    None
f - Poisonous Vapours     Pois/Air       ####..       1%          2    None
g - Swiftness             Chrm/Air       #####...     1%          2    None
h - Mephitic Cloud        Conj/Pois/Air  #####...     1%          3    None

Your spell library contained the following spells:

 Spells                   Type           Power        Failure   Level  Hunger
 Magic Dart               Conj           ####         1%          1    None
 Shock                    Conj/Air       ####         1%          1    None
 Summon Butterflies       Summ           ####....     1%          1    None
 Summon Small Mammal      Summ           ####         1%          1    None
 Call Imp                 Summ           ####....     1%          2    None
 Corpse Rot               Necr/Air       N/A          1%          2    None
 Conjure Flame            Conj/Fire      ####....     1%          3    None
 Static Discharge         Conj/Air       ######..     1%          3    None
 Stone Arrow              Conj/Erth      ####..       1%          3    None
 Call Canine Familiar     Summ           ####....     2%          3    None
 Animate Skeleton         Necr           N/A          4%          1    None
 Corona                   Hex            ##.....      4%          1    None
 Pain                     Necr           ##..         4%          1    None
 Summon Guardian Golem    Hex/Summ       ###.....     5%          3    None
 Blink                    Tloc           N/A          6%          2    None
 Slow                     Hex            ##......     6%          2    None
 Sublimation of Blood     Necr           ##........   6%          2    None
 Conjure Ball Lightning   Conj/Air       ######....   9%          6    #####..
 Lesser Beckoning         Tloc           ##........   12%         3    None
 Tukima's Dance           Hex            ##......     12%         3    None
 Summon Ice Beast         Ice/Summ       ###.....     17%         4    None
 Bolt of Magma            Conj/Fire/Erth ###.......   28%         5    ####...
 Dispel Undead            Necr           ##......     38%         4    None
 Leda's Liquefaction      Hex/Erth       ##........   38%         4    None
 Excruciating Wounds      Chrm/Necr      ###.......   58%         5    ####...
 Iron Shot                Conj/Erth      ####......   61%         6    #####..
 Agony                    Necr           ##......     71%         5    ####...
 Alistair's Intoxication  Tmut/Pois      ##......     71%         5    ####...
 Invisibility             Hex            ##......     99%         6    #####..
 Statue Form              Tmut/Erth      ##.......    99%         6    #####..
 Shatter                  Erth           ##........   100%        9    #######


Dungeon Overview and Level Annotations

Branches:
Dungeon (13/15)            Temple (1/1) D:6            Lair (6/6) D:11
  Swamp (3/4) Lair:2        Snake (0/4) Lair:2        Slime (0/5) Lair:6
    Orc (2/2) D:10            Elf (0/3) Orc:2       Gauntlet (visited)
 Vaults: D:13-14

Altars:
Ashenzari
Cheibriados
Dithmenos
Elyvilon
Fedhas
Gozag
Hepliaklqana
Kikubaaqudgha
Makhleb
Nemelex Xobeh
Okawaru
Qazlal
Ru
Sif Muna
Trog
Uskayaw
Vehumet
Wu Jian
Xom
Yredelemnul
Zin
The Shining One
Beogh
Jiyva

Shops:
D:8 ?   Orc:2 =*

Annotations:
D:1 exclusion: downstairs
D:3 exclusion: 2 downstairs
D:7 exclusion: downstairs, Harold, Joseph, Prince Ribbit
Lair:3 exclusion: 3 oklob plants
Lair:5 1 runed translucent door, exclusion: door
Lair:6 exclusion: door
Orc:2 Saint Roka


Innate Abilities, Weirdness & Mutations

You have a beak for a mouth.
You have claws for feet.
You can fly continuously.


Message History

You hit the alligator. Your peck misses the alligator.
The alligator is moderately wounded.
You hit the alligator. Your peck misses the alligator.
The alligator is moderately wounded.
You block the alligator's attack.
The alligator tail-slaps you but does no damage.
You spin and attack the alligator.
You slash the alligator!
You peck the alligator, but do no damage.
The alligator is severely wounded.
Your lightning spire shoots out a bolt of lightning at the alligator!
The bolt of electricity hits the alligator!
The alligator bites your lightning spire!
Your lightning spire is destroyed!
You spin and attack the alligator.
You hit the alligator. You claw the alligator.
The alligator is almost dead.
The alligator bites you!!
* * * LOW HITPOINT WARNING * * *
The alligator tail-slaps you.
You die...

♣♣♣♣♣.≈≈≈...♣♣♣♣♣...♣ ♣♣.♣♣ ♣ ♣♣
♣♣..≈≈§≈.♣≈....≈§♣ ♣.≈.♣ ♣
≈♣♣♣.≈≈≈≈≈≈≈..≈≈§.≈.♣♣♣♣♣.≈.♣ ♣
..≈≈≈≈≈≈≈≈≈≈..≈.≈♣...♣≈♣♣♣§♣♣
≈≈^.≈≈≈≈≈≈≈..<≈≈≈..≈≈..≈♣♣.≈♣♣
≈≈..≈≈≈≈≈....♣♣♣≈.≈≈≈≈..≈.≈..♣♣♣♣
♣...≈≈≈≈.≈.♣♣♣♣♣>≈≈≈≈≈≈..≈≈≈≈.♣♣§
....≈≈≈≈..♣♣ ♣...t≈...≈..≈≈≈≈.♣♣.
♣♣≈..≈≈..≈♣ ♣♣≈≈@..♣♣≈....≈≈≈.♣♣♣
♣..≈≈≈≈≈.≈♣ ♣......≈≈.....≈≈≈≈♣♣♣
♣.≈≈≈≈≈≈.♣♣ ♣♣♣≈§.§..≈≈≈≈.≈≈≈≈..≈
♣.≈≈≈≈≈.♣♣ ♣♣...≈≈≈≈≈≈.≈≈..≈..
♣≈.≈≈≈≈..♣ ♣♣≈....≈.≈.≈≈≈....
♣♣♣..≈§..♣♣ ♣..≈≈≈≈≈.♣♣....≈≈≈
.≈≈.≈≈≈≈≈.♣♣ ♣.≈≈≈≈≈...♣♣...≈≈≈
....≈≈≈≈≈≈≈♣ ♣..≈.......(..≈≈≈.
...≈≈≈≈≈≈≈(♣ ♣♣...#####.#..≈≈≈≈


You could see an alligator (pinned).

Vanquished Creatures
  A very ugly thing (Swamp:1)
  Josephine (D:12)
  7 hydras
  A shambling mangrove (Swamp:3)
  A catoblepas (Lair:6)
  3 two-headed ogres
  A death knight (D:10)
  9 alligators
  A shock serpent (Lair:3)
  A spriggan (Swamp:1)
  The ghost of Despondentz the Sneak, a novice OpVM of Vehumet (D:8)
  4 swamp dragons
  Pikel (D:5)
  An orc knight (Orc:1)
  An ugly thing (D:11)
  A cyclops (D:11)
  An orc sorcerer (Orc:2)
  14 elephants
  An oklob plant (Lair:3)
  Psyche (D:8)
  2 gargoyles (D:11)
  A guardian serpent (Lair:2)
  Maurice (D:9)
  3 black mambas
  A centaur skeleton (D:11)
  3 rime drakes
  13 spiny frogs
  8 komodo dragons
  2 trolls
  2 polar bears
  A hornet (Swamp:1)
  5 tyrant leeches
  8 hippogriffs
  4 slime creatures (Swamp:1)
  30 blink frogs
  5 bog bodies
  4 dream sheep (Lair:4)
  A shadow (Swamp:2)
  10 yaks
  2 wyverns (D:8)
  A basilisk (Lair:6)
  17 vampire mosquitoes
  3 wargs (Orc:2)
  11 swamp worms
  An acid dragon (D:9)
  A hell hound (Lair:6)
  4 insubstantial wisps
  8 porcupines
  12 water moccasins
  4 swamp drakes
  13 orc warriors
  A hornet zombie (D:11)
  A phantom (D:10)
  2 ice beasts
  7 centaurs
  7 ogres
  A black bear (D:9)
  A necrophage (D:9)
  18 crocodiles
  16 wolves
  3 big kobolds
  12 bullfrogs
  2 scorpions
  8 killer bees
  10 wights
  4 electric eels
  3 howler monkeys
  A spectral centaur (D:8)
  A troll skeleton (D:11)
  2 crimson imps
  2 bullfrog zombies
  2 centaur zombies
  A quasit (D:10)
  4 hounds
  2 jellies
  9 orc wizards
  3 human zombies (D:11)
  12 orc priests
  2 bullfrog skeletons
  5 iguanas
  A gnoll shaman (D:5)
  Natasha (thrice) (D:3 D:2)
  Ijyb (D:4)
  11 worker ants
  3 mummies (D:11)
  A hound skeleton (D:8)
  A spectral worker ant (D:8)
  7 gnolls
  9 adders
  A hound simulacrum (D:8)
  2 shadow imps
  An adder zombie (D:8)
  3 adder skeletons
  3 worms (D:2)
  2 leopard geckos
  44 orcs
  4 bats
  A giant cockroach (D:4)
  3 goblins
  8 hobgoblins
  4 jackals
  21 kobolds
  5 quokkas
  A ball python (D:1)
  4 frilled lizards
  A jackal skeleton (D:5)
  A leopard gecko skeleton (D:8)
  2 orc skeletons (D:11)
  A quokka skeleton (D:4)
  A quokka zombie (D:6)
  3 rats
  A fungus (Lair:6)
  5 plants
534 creatures vanquished.

Vanquished Creatures (collateral kills)
  6 hydras
  2 alligators (Swamp:2)
  A wizard (Lair:6)
  A spiny frog (Lair:6)
  A tyrant leech (Lair:2)
  A bog body (Swamp:2)
  5 blink frogs (Lair:6)
  A swamp drake (Swamp:3)
  A lava snake (Lair:6)
19 creatures vanquished.

Vanquished Creatures (others)
  A giant cockroach (D:5)
  A demonic plant (Gauntlet)
  A fire vortex (Lair:6)
  17 fungi
  30 plants
50 creatures vanquished.

Grand Total: 603 creatures vanquished

Notes
Turn   | Place    | Note
-------+----------+-------------------------------------------
     0 | D:1      | DrEnzyme the Tengu Wanderer began the quest for the Orb.
     0 | D:1      | DrEnzyme set off with the following items: a +2 falchion, a
                  | potion of curing, a +0 robe, a ration; and the following
                  | spell memorised: Magic Dart; and the following spells
                  | available to memorise: Stone Arrow
     0 | D:1      | Reached XP level 1. HP: 12/12 MP: 4/4
   321 | D:1      | Reached XP level 2. HP: 16/16 MP: 4/6
  1264 | D:2      | Reached skill level 1 in Stealth
  1264 | D:2      | Reached XP level 3. HP: 16/20 MP: 2/8
  1850 | D:2      | Reached skill level 3 in Spellcasting
  2390 | D:3      | Reached XP level 4. HP: 25/25 MP: 6/9
  2725 | D:3      | Noticed Natasha
  2744 | D:3      | Killed Natasha
  2889 | D:3      | Noticed Natasha
  2911 | D:2      | Killed Natasha
  2916 | D:2      | Gained mutation: You can fly continuously. [Tengu growth]
  2916 | D:2      | Reached XP level 5. HP: 28/29 MP: 10/10
  3563 | D:4      | Found the +8 autumn katana {vorpal, Clar}
  3612 | D:4      | Noticed an ogre
  4561 | D:3      | Learned a level 3 spell: Stone Arrow
  4747 | D:2      | Noticed Natasha
  4755 | D:2      | Killed Natasha
  4755 | D:2      | Reached XP level 6. HP: 18/34 MP: 12/12
  5512 | D:4      | Found a glowing golden altar of the Shining One.
  5967 | D:4      | Noticed Ijyb
  6292 | D:4      | Reached XP level 7. HP: 38/38 MP: 1/13
  6502 | D:4      | Killed Ijyb
  6740 | D:4      | Reached skill level 4 in Spellcasting
  7248 | D:5      | Entered Level 5 of the Dungeon
  7288 | D:5      | Noticed Pikel
  7294 | D:5      | Killed Pikel
  7294 | D:5      | Reached skill level 5 in Dodging
  7294 | D:5      | Reached skill level 5 in Conjurations
  7294 | D:5      | Reached XP level 8. HP: 9/43 MP: 14/16
  7768 | D:5      | Found a blossoming altar of Fedhas.
  9049 | D:6      | Reached skill level 5 in Spellcasting
  9180 | D:6      | Found a staircase to the Ecumenical Temple.
  9203 | Temple   | Entered the Ecumenical Temple
  9452 | Temple   | Became a worshipper of the Wu Jian Council
  9538 | D:6      | Found a basalt altar of Yredelemnul.
  9614 | D:6      | Got an ancient morningstar
  9870 | D:7      | Found a stormy altar of Qazlal.
  9871 | D:7      | Noticed Harold
  9952 | D:7      | Noticed Prince Ribbit
 10009 | D:7      | Reached skill level 5 in Long Blades
 10057 | D:7      | Reached skill level 5 in Stealth
 10150 | D:7      | Found an opulent altar of Gozag.
 10175 | D:7      | Noticed a hippogriff
 10179 | D:7      | Killed a hippogriff
 10179 | D:7      | Reached XP level 9. HP: 41/47 MP: 17/17
 10225 | D:7      | Found a snail-covered altar of Cheibriados.
 10421 | D:7      | Noticed Joseph
 10588 | D:8      | Found a glowing silver altar of Zin.
 10627 | D:8      | Found a runed translucent gate.
 10627 | D:8      | Found a runed translucent gate.
 10627 | D:8      | Found a runed translucent gate.
 10628 | D:8      | Noticed Despondentz's ghost (novice OpVM)
 10812 | D:8      | Noticed Psyche
 10989 | D:8      | Reached * piety under Wu Jian
 11203 | D:8      | Found Egoibeudd's Magic Scroll Shoppe.
 11206 | D:8      | Bought a scroll of identify for 26 gold pieces
 11206 | D:8      | Bought a scroll of fear for 45 gold pieces
 11206 | D:8      | Bought a scroll of magic mapping for 45 gold pieces
 12170 | D:9      | Found a shimmering altar of Xom.
 12171 | D:9      | Found a hazy altar of Hepliaklqana.
 12171 | D:9      | Noticed a caustic shrike
 12172 | D:9      | Noticed a spectral ugly thing
 12172 | D:9      | Noticed a caustic shrike
 12688 | D:9      | Found a shimmering blue altar of Sif Muna.
 12729 | D:9      | Reached skill level 6 in Spellcasting
 12767 | D:9      | Reached XP level 10. HP: 23/52 MP: 3/20
 13103 | D:9      | Noticed Maurice
 13744 | D:9      | Killed Maurice
 13914 | D:10     | Entered Level 10 of the Dungeon
 13996 | D:10     | You fall into a shaft and drop 3 floors!
 14119 | D:12     | Noticed a gargoyle
 14301 | D:12     | Reached ** piety under Wu Jian
 14301 | D:12     | Reached skill level 7 in Spellcasting
 14725 | D:13     | Noticed a centaur warrior
 15029 | D:11     | Noticed a gargoyle
 15226 | D:11     | Noticed a two-headed ogre
 15386 | D:12     | Killed a two-headed ogre
 15386 | D:12     | Reached XP level 11. HP: 41/56 MP: 10/22
 15636 | D:10     | Noticed a two-headed ogre
 15651 | D:10     | Killed a two-headed ogre
 15656 | D:10     | Got an ancient emerald amulet
 15901 | D:10     | Found a staircase to the Orcish Mines.
 16178 | D:10     | Learned a level 4 spell: Airstrike
 16178 | D:10     | Identified the amulet "Huehuvof" {+Rage rF+ Slay+2} (You
                  | found it on level 10 of the Dungeon)
 16657 | D:11     | Noticed a cyclops
 16774 | D:11     | Noticed a death knight
 16787 | D:11     | Noticed a cyan ugly thing
 16863 | D:11     | Reached skill level 1 in Air Magic
 17037 | D:11     | Reached *** piety under Wu Jian
 17213 | D:11     | Identified Sif Muna's Reference Book on Feathery Unholy
                  | Rituals
 17666 | D:11     | Found a staircase to the Lair.
 17740 | Lair:1   | Entered Level 1 of the Lair of Beasts
 17826 | Lair:1   | Found a gate leading to a gauntlet.
 17855 | Gauntlet | Entered a Gauntlet
 17855 | Gauntlet | Found a transporter.
 17862 | Gauntlet | Found a transporter.
 17864 | Gauntlet | Found a transporter.
 17872 | Gauntlet | Noticed a wizard
 17878 | Gauntlet | Found a transporter.
 17880 | Gauntlet | Found a transporter.
 17889 | Gauntlet | Found a transporter.
 17890 | Gauntlet | Found the macabre finger necklace {rN+}
 17898 | Gauntlet | Noticed a green death
 17902 | Gauntlet | Noticed a fire crab
 17905 | Gauntlet | Found a transporter.
 17915 | Gauntlet | Found a transporter.
 17925 | Gauntlet | Found a transporter.
 17927 | Gauntlet | Noticed a wolf spider
 17930 | Gauntlet | Noticed an entropy weaver
 17943 | Gauntlet | Found a transporter.
 17955 | Gauntlet | Found a transporter.
 17955 | Gauntlet | Found a transporter.
 18021 | Gauntlet | Found a transporter.
 18024 | Gauntlet | Found a transporter.
 18024 | Gauntlet | Noticed a wolf spider
 18025 | Gauntlet | Noticed a moth of wrath
 18422 | Lair:1   | Reached skill level 8 in Spellcasting
 19949 | Lair:1   | Reached XP level 12. HP: 36/62 MP: 10/25
 20330 | Lair:2   | Reached **** piety under Wu Jian
 20336 | Lair:2   | Noticed an eight-headed hydra
 20725 | Lair:1   | Reached skill level 9 in Spellcasting
 20728 | Lair:1   | Reached skill level 5 in Air Magic
 21248 | Lair:2   | Killed an eight-headed hydra
 22081 | Lair:2   | Found a staircase to the Snake Pit.
 22241 | Lair:3   | Learned a level 1 spell: Apportation
 22247 | Lair:3   | Learned a level 5 spell: Lightning Bolt
 22289 | Lair:3   | Noticed Urug
 22454 | Lair:3   | Noticed a four-headed hydra
 22500 | Lair:3   | Got a jewelled chain mail
 23428 | Lair:3   | Reached skill level 10 in Stealth
 23435 | Lair:3   | Reached skill level 10 in Long Blades
 23966 | Lair:3   | Noticed Urug
 23966 | Lair:3   | Urug changed into Urug the shock serpent
 23971 | Lair:3   | Killed Urug the shock serpent
 24391 | Lair:3   | Killed a four-headed hydra
 24774 | Lair:3   | Reached skill level 10 in Spellcasting
 25191 | Lair:3   | Reached skill level 10 in Dodging
 25578 | Lair:3   | Identified the +2 chain mail of Uskayaw's Castigation
                  | {-Tele rN++ Int+2} (You found it on level 3 of the Lair of
                  | Beasts)
 25608 | Lair:3   | Learned a level 2 spell: Swiftness
 25851 | Lair:4   | Reached XP level 13. HP: 68/68 MP: 14/28
 26858 | Lair:4   | Reached skill level 11 in Spellcasting
 28879 | Lair:5   | Reached skill level 1 in Armour
 29545 | Orc:1    | Entered Level 1 of the Orcish Mines
 29695 | Orc:2    | Entered Level 2 of the Orcish Mines
 29865 | Orc:2    | Found a roughly hewn altar of Beogh.
 30010 | Orc:2    | Found Heraude's Jewellery Shop.
 30027 | Orc:2    | Found a roughly hewn altar of Beogh.
 30456 | Orc:2    | Reached ***** piety under Wu Jian
 30461 | Orc:2    | Found a roughly hewn altar of Beogh.
 30618 | Orc:1    | Learned a level 2 spell: Poisonous Vapours
 30798 | Orc:2    | Found Iqiog's Assorted Antiques.
 31027 | Orc:2    | Found a roughly hewn altar of Beogh.
 31093 | Orc:2    | Found a staircase to the Elven Halls.
 31197 | Orc:2    | Noticed Saint Roka
 31584 | D:10     | Reached skill level 12 in Spellcasting
 32222 | D:11     | Found an ancient bone altar of Kikubaaqudgha.
 32689 | D:12     | Reached skill level 10 in Air Magic
 32946 | D:12     | Noticed Josephine
 32965 | D:12     | Killed Josephine
 33219 | Lair:5   | Found a runed translucent door.
 33485 | Lair:4   | Reached XP level 14. HP: 43/72 MP: 0/31
 34076 | Lair:6   | Entered Level 6 of the Lair of Beasts
 34250 | Lair:6   | Learned a level 4 spell: Summon Lightning Spire
 34744 | Lair:6   | Found a staircase to the Slime Pits.
 34745 | Lair:6   | Found a viscous altar of Jiyva.
 35268 | Lair:6   | Reached skill level 13 in Spellcasting
 35409 | Lair:6   | Learned a level 3 spell: Mephitic Cloud
 36528 | Lair:6   | Found a burning altar of Makhleb.
 37846 | D:8      | Killed Psyche
 38274 | D:8      | Killed Despondentz's ghost
 38736 | Lair:2   | Found a staircase to the Swamp.
 38847 | Swamp:1  | Entered Level 1 of the Swamp
 39243 | Swamp:1  | Reached skill level 1 in Summonings
 39710 | Swamp:1  | Noticed a purple very ugly thing
 40189 | Swamp:1  | Killed a purple very ugly thing
 40561 | Lair:2   | Identified a scroll of acquirement
 40855 | Swamp:2  | Identified the +1 robe of Theory {rCorr} (You found it on
                  | level 2 of the Swamp)
 41302 | Swamp:2  | Reached skill level 14 in Spellcasting
 41403 | Swamp:2  | Reached XP level 15. HP: 79/79 MP: 3/34
 43799 | Swamp:2  | Slain by an alligator

Levels and vault maps discovered:
D:1:      scummos_arrival_simple_fountains, layout_basic
D:2:      layout_loops_corners
D:3:      layout_rooms, first_ration, uniq_natasha
D:4:      layout_basic, tso_altar, uniq_ijyb
D:5:      layout_loops_corners, fedhas_altar_2, uniq_pikel
D:6:      layout_rooms, lemuel_crystal_altar, minmay_temple_entry_junction,
          corexii_mini_fake_secret_closet
D:7:      layout_basic, lemuel_doored_altar, marbit_many_paths,
          nicolae_gozag_cash_rules_everything_around_me, grunt_livestock,
          nemelex_xobeh_ov_fountains_minmay, uniq_joseph, uniq_harold,
          uniq_prince_ribbit1
D:8:      layout_loops_ring, zin_treasury, serial_shops, shop_statue,
          gammafunk_ghost_necromancy, uniq_psyche
D:9:      layout_basic, regret_index_temple_of_mockery,
          lemuel_coloured_pillars_altar, uniq_maurice
D:10:     layout_gridville, orc_0_dummy, roderic_lattice_a
D:11:     layout_gridville, david_lair_shrubbed,
          lemuel_mausoleum_altar_kikubaaqudgha
D:12:     layout_stronghold, uniq_josephine
D:13:     layout_small_grid, ebering_dispersal_statue_hall
Temple:   eino_temple_water
Lair:1:   beast_lair_carwin_large_3, layout_long_grid, gauntlet_entry_generic,
          dpeg_stationary_puzzle
Lair:2:   layout_gridlike, minmay_swamp_entry_worms,
          minmay_snake_entry_spellcaster, serial_bayou_shore_a,
          serial_bayou_shore_b, grunt_megastairs_4
Lair:3:   layout_layer_cave, serial_bayou_shore_b, minmay_lair_oklob_chamber,
          uniq_urug
Lair:4:   layout_cave_pods, grunt_megastairs_5, serial_bayou_shore_b
Lair:5:   layout_hall_layers, pf_torpor_hydra, grunt_megastairs_1
Lair:6:   evil_forest, layout_gridlike, slime_altar_1, wad_woods_road_03
Swamp:1:  layout_basic_swamp, evilmike_swamp_ruin_house_1,
          infiniplex_staircase_pool
Swamp:2:  layout_basic_swamp, evilmike_swamp_ruin_house_2
Swamp:3:  layout_basic_swamp, hangedman_swamp_cone, swamp_pool2,
          st_swamp_ruins_1
Orc:1:    layout_caves, uniq_snorg, uniq_erica, uniq_jorgrun, uniq_fannar
Orc:2:    grunt_orc_community_town_hall, layout_diamond_mine,
          grunt_orc_community_big_house_2, grunt_orc_community_big_house_2,
          grunt_orc_community_house_1, grunt_orc_community_house_2,
          grunt_orc_community_house_3, grunt_orc_community_house_3,
          minmay_shop_enchanted_jewellery, uniq_saint_roka

Skill      XL: |  1  2  3  4  5  6  7  8  9 10 11 12 13 14 15 |
---------------+----------------------------------------------+-----
Stealth        | 1 2 3 4 5 7 8 9 10 | 10.0
Dodging        | 2 3 4 5 6 8 9 10 11 | 11.6
Spellcasting   | 3 4 5 6 7 8 10 12 14 | 14.5
Conjurations   | 2 3 5 6 7 8 9 |  9.8
Long Blades    | 2 3 5 6 8 9 10 | 10.5
Air Magic      | 3 7 10 11 | 11.2
Fighting       | 2 3 |  3.9
Armour         | 1 2 |  2.8
Summonings     | 2 4 |  4.1
Shields        | 3 4 |  4.0
Charms         | |  1.5

Action                   |  1- 3 |  4- 6 |  7- 9 | 10-12 | 13-15 || total
-------------------------+-------+-------+-------+-------+-------++-------
Melee: Falchion          |    19 |    82 |       |       |       ||   101
       Peck              |     5 |    12 |    12 |    46 |    66 ||   141
       Kick              |     6 |    11 |    14 |    49 |    93 ||   173
       Katana            |       |       |    89 |   259 |   330 ||   678
Throw: Dart              |       |    47 |     8 |    15 |     4 ||    74
 Cast: Magic Dart        |    61 |    38 |    56 |    46 |       ||   201
       Stone Arrow       |       |    15 |    64 |    84 |       ||   163
       Airstrike         |       |       |       |    85 |   427 ||   512
       Lightning Bolt    |       |       |       |    10 |    45 ||    55
       Apportation       |       |       |       |    10 |     7 ||    17
       Swiftness         |       |       |       |     1 |     3 ||     4
       Poisonous Vapours |       |       |       |       |     5 ||     5
       Summon Lightning  |       |       |       |       |    40 ||    40
Invok: Lunge             |       |       |    13 |    17 |    31 ||    61
       Whirlwind         |       |       |       |     9 |    53 ||    62
       Serpent's Lash    |       |       |       |       |     3 ||     3
 Abil: Fly               |       |       |       |       |     1 ||     1
Evoke: Wand              |       |       |     5 |    28 |     9 ||    42
       Phantom mirror    |       |       |       |       |     1 ||     1
  Use: Potion            |     1 |     7 |     2 |     3 |     2 ||    15
       Scroll            |       |     8 |     5 |    14 |    19 ||    46
 Stab: Sleeping          |     2 |     1 |     9 |     8 |    20 ||    40
       Invisible         |       |       |       |     3 |       ||     3
       Distracted        |       |       |       |     1 |     6 ||     7
       Paralysed         |       |       |       |     3 |       ||     3
  Eat: Chunk             |     5 |     8 |    25 |    23 |    37 ||    98
       Ration            |       |     2 |       |     9 |    12 ||    23
Armor: Robe              |     5 |    11 |     1 |       |       ||    17
       Skin              |       |    57 |     3 |       |       ||    60
       Leather armour    |       |       |     9 |    45 |    31 ||    85
       Ring mail         |       |       |       |       |    23 ||    23
Dodge: Dodged            |    13 |    58 |    56 |   211 |   185 ||   523
Block: Buckler           |       |       |       |       |    19 ||    19
       Rpst.: Falchion   |     6 |    13 |       |       |       ||    19
       Katana            |       |       |    11 |    50 |    41 ||   102

Table legend:
 A = Non-vault XP
 B = Vault XP
 C = Vault XP percentage of total XP
 D = Non-vault monster count
 E = Vault monster count
 F = Vault count percentage of total count
                 A         B        C        D         E       F
            +---------+---------+-------+---------+---------+-------
      Total |   77575 |   23552 |  23.3 |     439 |     108 |  19.7
            +---------+---------+-------+---------+---------+-------
        D:1 |      24 |       0 |   0.0 |      13 |       0 |   0.0
        D:2 |     183 |       0 |   0.0 |      21 |       0 |   0.0
        D:3 |      29 |      35 |  54.7 |       9 |       1 |  10.0
        D:4 |     588 |      33 |   5.3 |      22 |       1 |   4.3
        D:5 |     281 |     673 |  70.5 |      21 |       1 |   4.5
        D:6 |     144 |       0 |   0.0 |       5 |       0 |   0.0
        D:7 |     336 |     262 |  43.8 |      13 |       1 |   7.1
        D:8 |    1428 |    1284 |  47.3 |      25 |       8 |  24.2
        D:9 |    2040 |     426 |  17.3 |      20 |       1 |   4.8
       D:10 |    2354 |       0 |   0.0 |      13 |       0 |   0.0
       D:11 |    4500 |     760 |  14.4 |      42 |      13 |  23.6
       D:12 |    4304 |    1041 |  19.5 |      27 |       1 |   3.6
       D:13 |     486 |       0 |   0.0 |       3 |       0 |   0.0
     Lair:1 |    3884 |    1048 |  21.2 |      16 |      12 |  42.9
     Lair:2 |    5491 |    1653 |  23.1 |      25 |       8 |  24.2
     Lair:3 |    3772 |    1891 |  33.4 |      14 |       4 |  22.2
     Lair:4 |    7597 |    1268 |  14.3 |      31 |       3 |   8.8
     Lair:5 |    2927 |    4494 |  60.6 |      14 |      11 |  44.0
     Lair:6 |    5450 |    6172 |  53.1 |      20 |      16 |  44.4
    Swamp:1 |   12444 |       0 |   0.0 |      32 |       0 |   0.0
    Swamp:2 |    8384 |       0 |   0.0 |      16 |       0 |   0.0
    Swamp:3 |    9167 |     555 |   5.7 |      24 |       1 |   4.0
      Orc:1 |     270 |     621 |  69.7 |       4 |       1 |  20.0
      Orc:2 |    1492 |    1336 |  47.2 |       9 |      25 |  73.5
            +---------+---------+-------+---------+---------+-------
